 Dungeon Crawl Stone Soup version 0.27.1-3-gb3d3a73c9e (webtiles) character file.

Game seed: 11800340886200800456

83 pkoi the Slasher (level 4, 0/37 HPs)
             Began as a Minotaur Gladiator on Oct 21, 2021.
             Slain by an orc (4 damage)
             ... on level 2 of the Dungeon.
             The game lasted 00:01:19 (1090 turns).

pkoi the Slasher (Minotaur Gladiator)               Turns: 1090, Time: 00:01:19

Health: 0/37       AC:  3    Str: 19    XL:     4   Next: 22%
Magic:  3/3        EV: 12    Int:  5    God:
Gold:   100        SH:  0    Dex: 12    Spells: 3/3 levels left

rFire    + . .     SeeInvis .   a - +0 long sword
rCold    + . .     Faith    .   (no shield)
rNeg     . . .     Spirit   .   b - +0 leather armour
rPois    +         Reflect  .   c - +0 hat
rElec    +         Harm     .   (no cloak)
rCorr    +         Rampage  .   (no gloves)
Will     .....                  (no boots)
Stlth    +.........             (no amulet)
HPRegen  0.12/turn              (no ring)
MPRegen  0.08/turn              (no ring)

@: mighty, resistant
A: horns 2, retaliatory headbutt
a: no special abilities


You were on level 2 of the Dungeon.
You visited 1 branch of the dungeon, and saw 2 of its levels.

You collected 100 gold pieces.

Inventory:

Hand Weapons
 a - a +0 long sword (weapon)
Missiles
 d - 3 throwing nets (quivered)
Armour
 b - a +0 leather armour (worn)
 c - a +0 hat (worn)
Jewellery
 e - a +4 ring of slaying
Scrolls
 f - a scroll of vulnerability {unknown}
 h - 2 scrolls of noise {unknown}
 i - a scroll of enchant weapon {unknown}
 j - 2 scrolls of summoning {unknown}


   Skills:
 - Level 2.4 Fighting
 + Level 6.2 Long Blades
 - Level 2.0 Throwing
 - Level 3.2 Dodging


You had 3 spell levels left.
You didn't know any spells.
Your spell library contained the following spells:

 Spells                   Type           Power      Damage    Failure   Level
 Pain                     Necr           0%         1d4       54%         1
 Agony                    Necr           0%         N/A       100%        5
 Excruciating Wounds      Necr           0%         N/A       100%        5
 Iskenderun's Battlesphe  Conj           0%         2d6       100%        5
 Iron Shot                Conj/Erth      0%         9d1       100%        6
 Spellforged Servitor     Conj/Summ      0%         N/A       100%        7


Dungeon Overview and Level Annotations

Branches:
Dungeon (2/15)

Altars:

Shops:
D:1 [


Innate Abilities, Weirdness & Mutations

You have a pair of horns on your head.
You reflexively headbutt those who attack you in melee.


Message History

The orc priest invokes the aid of Beogh against you.
Beogh smites you!
* * * LOW HITPOINT WARNING * * *
Unknown command.
You barely miss the adder.
The adder is severely wounded.
You feel sick. The adder closely misses you. You furiously retaliate!
You headbutt the adder!
You kill the adder!
Unknown command.
It was a potion of resistance.
You feel protected.
You feel sick.
It was a potion of might.
You feel very mighty all of a sudden.
You feel sick.
You are no longer poisoned.
You slash the orc!
You kill the orc!
You closely miss the orc priest.
The orc priest hits you with a +0 hand axe.
* * * LOW HITPOINT WARNING * * *
You barely miss the orc priest.
The orc priest hits you with a +0 hand axe.
* * * LOW HITPOINT WARNING * * *
You slash the orc priest!
You kill the orc priest!
The orc wizard mumbles some strange words.
The orc wizard flickers and vanishes!
Deactivating autopickup; reactivate with Ctrl-A.
Your Long Blades skill increases to level 6!
You have reached level 4!
You feel agile.
The orc wizard gestures wildly while chanting.
The orc wizard flickers and vanishes!
You see here a +0 short sword.
Found a scroll labelled LUMIGH VONOGEU.
There is a stone staircase leading up here.
The orc hits you with a +0 club.
You die...

...............'........#
..........{....##.#####.###
...............+....>.....#
........†......+#..#.#.##.#
?.........###......#.#.##.#
...)......+..........#.##.#
..........####...#...#....#
..........# #..o#...######
........# ###@#...#
#######.# #.#.#.# #.#
#.#.#.## #########.####
#.#.#..# .......†.....# ...
#..# #########.##.#####
#..# # #.##.....###..# #
#.............# #
########.####.#####


You could see an orc.

Vanquished Creatures
  An orc priest (D:2)
  An adder (D:2)
  4 dart slugs
  An orc (D:2)
  4 endoplasms
  A giant cockroach (D:2)
  2 goblins (D:1)
  6 hobgoblins
  2 kobolds (D:1)
  3 quokkas (D:1)
  2 ball pythons
  A bat (D:1)
  3 frilled lizards
  4 rats
35 creatures vanquished.

Notes
Turn   | Place    | Note
-------+----------+-------------------------------------------
     0 | D:1      | pkoi the Minotaur Gladiator began the quest for the Orb.
     0 | D:1      | Reached XP level 1. HP: 18/18 MP: 0/0
   157 | D:1      | Reached skill level 4 in Long Blades
   224 | D:1      | Reached XP level 2. HP: 25/25 MP: 1/1
   448 | D:1      | Found Ycitin's Armour Boutique.
   450 | D:1      | Reached skill level 5 in Long Blades
   606 | D:1      | Reached XP level 3. HP: 21/30 MP: 2/2
  1065 | D:2      | HP: 1/30 [orc priest (2)]
  1067 | D:2      | Reached skill level 6 in Long Blades
  1067 | D:2      | Reached XP level 4. HP: 1/37 MP: 3/3
  1090 | D:2      | Slain by an orc

Illustrated notes

Levels and vault maps discovered:
D:1:      tarquinn_simple_flora_water_c, layout_rooms, serial_shops,
          nicolae_diamond_shop, roderic_serpentine_path,
          chequers_serial_rivers_marsh
D:2:      layout_basic

Skill      XL: |  1  2  3 |
---------------+----------+-----
Long Blades    | 4 5 6 |  6.2
Fighting       | |  2.4
Throwing       | |  2.0
Dodging        | |  3.2

Action                   |  1- 3 |  4- 6 || total
-------------------------+-------+-------++-------
Melee: Long sword        |    65 |       ||    65
       Headbutt          |     8 |       ||     8
  Use: Potion            |     2 |       ||     2
 Stab: Sleeping          |     1 |       ||     1
Armor: Leather armour    |    12 |       ||    12
Dodge: Dodged            |    40 |       ||    40
       Rpst.: Long sword |    12 |       ||    12
